Map: Jagannatha LE

Players

BitsPlease

  • Race: Terran Terran
  • League: Diamond
  • Spawn Location: 1:00

jumplnjac - Winner!

  • Race: Zerg Zerg
  • League: Diamond
  • Spawn Location: 7:00

VOD

Have the link to the VOD?

Description

Time

  • Played on: March 22, 2021, 4:47 a.m.
  • Length: 9:19
Show
View Real Time Build Order
Export as new Build Order

BitsPlease Terran 

Build Orders:  

Get SALT Encoding   

  12  0:00  SCV  
  13  0:12  SCV  
  14  0:19  Supply Depot  
  14  0:44  Barracks  
  14  0:51  Barracks  
  14  1:05  Barracks  
  14  1:09  SCV  
  15  1:21  SCV  
  16  1:32  Marine  
  16  1:38  Marine  
  18  1:40  Barracks  
  18  1:45  Supply Depot  
  18  1:50  Marine  
  18  1:53  Marine  
  20  1:58  Marine  
  21  2:08  Marine  
  21  2:09  Supply Depot  
  21  2:13  Marine  
  23  2:16  Marine  
  24  2:26  Marine  
  25  2:30  Marine  
  25  2:31  Marine  
  27  2:48  Marine  
  27  2:49  Marine x3  
  25  3:06  Marine x3  
  25  3:07  Marine  
  22  3:24  Marine x4  
  26  3:33  Supply Depot  
  24  3:42  Marine x2  
  24  3:46  Marine  
  24  3:47  Marine  
  25  4:00  Marine x2  
  26  4:04  Marine  
  26  4:05  Marine  
  26  4:34  Command Center  
  26  4:39  Refinery  
  26  4:55  Marine x3  
  29  5:04  Marine  
    5:51  Marine x4  
  4  6:09  Marine x2  
Show
View Real Time Build Order
Export as new Build Order

jumplnjac Zerg - Winner!

Build Orders: Hatch First 

Get SALT Encoding   

  12  0:00  Drone  
  13  0:13  Overlord  
  13  0:19  Drone  
  14  0:43  Hatchery  
  14  0:45  Drone  
  15  0:50  Drone  
  15  0:54  Drone  
  16  1:00  Drone  
  17  1:11  Extractor  
  16  1:15  Spawning Pool  
  15  1:19  Drone  
  15  1:22  Drone  
  17  1:29  Drone  
  18  1:40  Drone  
  19  1:58  Overlord  
  19  2:03  Drone  
  19  2:04  Queen x2  
  19  2:05  Zergling x2  
  25  2:09  Zergling x2  
  26  2:21  Zergling x2  
  27  2:26  Drone  
  28  2:30  Metabolic Boost  
  28  2:33  Zergling x2  
  29  2:39  Spine Crawler  
  21  2:51  Zergling x2  
  21  2:52  Zergling x2  
  21  2:53  Zergling x6  
  18  3:02  Zergling x2  
  10  3:25  Zergling x6  
  12  3:33  Drone  
  13  3:41  Zergling x2  
  13  3:47  Drone  
  15  3:54  Zergling x2  
  13  4:11  Zergling x6  
  15  4:22  Drone  
  16  4:33  Drone  
  16  4:35  Drone x2  
  18  4:48  Drone  
  17  4:54  Spine Crawler  
  17  4:56  Drone  
  17  5:17  Spine Crawler  
  11  5:27  Drone  
  8  5:40  Drone  
  9  5:44  Drone  
  10  5:53  Drone  
  11  6:01  Drone  
  12  6:13  Drone x2  
  14  6:24  Drone  
  15  6:35  Queen  
  15  6:38  Zergling x2  
  18  6:52  Drone  
  19  7:11  Roach Warren  
  19  7:12  Drone x2  
  20  7:32  Drone x2  
  22  7:47  Overlord  
  21  7:55  Overlord  
  21  8:04  Queen  
  23  8:06  Overlord  
  23  8:07  Roach x2  
  27  8:21  Roach  
  29  8:31  Roach  
  29  8:32  Roach x2  
  29  8:33  Ravager  
  37  8:41  Extractor, Drone x2  
  37  8:45  Ravager  
Tags
 
Add a new tag
Caveats
  • Supply blocks, unpowered buildings, or Contaminate may cause inaccurate times.
  • Supply counts are checked every 10 seconds.